 Dungeon Crawl Stone Soup version 0.26.1-11-gd32895ea62 (webtiles) character file.

Game seed: 2086847223055499531

1141 Zeld the Carver (level 8, -5/56 HPs)
             Began as a Human Gladiator on June 5, 2021.
             Killed from afar by a white imp (10 damage)
             ... with a puff of frost
             ... on level 5 of the Dungeon.
             The game lasted 00:07:29 (9122 turns).

Zeld the Carver (Human Gladiator)                   Turns: 9122, Time: 00:07:30

Health: -5/56      AC:  3    Str: 16    XL:     8   Next: 64%
Magic:  8/8        EV: 13    Int:  9    God:
Gold:   179        SH:  0    Dex: 15    Spells: 7/7 levels left

rFire    . . .     SeeInvis +   a - +0 long sword
rCold    . . .     Faith    .   (no shield)
rNeg     . . .     Spirit   .   b - +0 leather armour
rPois    .         Reflect  .   c - +0 helmet
rElec    .         Harm     .   A - +0 cloak
rCorr    .         Rampage  .   z - +0 pair of gloves
Will     .....                  q - +0 pair of boots
Stlth    +.........             (no amulet)
HPRegen  0.18/turn              n - ring of see invisible
MPRegen  0.11/turn              (no ring)

@: corroded
A: no striking features
a: no special abilities


You were on level 5 of the Dungeon.
You visited 1 branch of the dungeon, and saw 5 of its levels.

You collected 179 gold pieces.

Inventory:

Hand Weapons
 a - a +0 long sword (weapon)
Missiles
 d - 4 throwing nets
 p - 3 poisoned darts (quivered)
 r - 6 boomerangs
Armour
 b - a +0 leather armour (worn)
 c - a +0 helmet (worn)
 q - a +0 pair of boots (worn)
 z - a +0 pair of gloves (worn)
 A - a +0 cloak (worn)
Jewellery
 n - a ring of see invisible (left hand)
 s - an uncursed ring of resist corrosion
 x - an uncursed ring of protection from cold
Scrolls
 e - a scroll of enchant armour {unknown}
 h - 2 scrolls of amnesia {unknown}
 j - 5 scrolls of teleportation {unknown}
 k - 5 scrolls of remove curse
 l - 3 scrolls of enchant weapon {unknown}
 m - 3 scrolls of identify {unknown}
 y - a scroll of random uselessness {unknown}
Potions
 g - a potion of heal wounds {unknown}
 o - a potion of lignification {unknown}
 t - a potion of curing
 u - a potion of flight {unknown}
 v - a potion of brilliance {unknown}
 w - 3 potions of degeneration {unknown}


   Skills:
 - Level 2.0 Fighting
 * Level 10.1 Long Blades
 - Level 2.0 Throwing
 - Level 3.0 Dodging


You had 7 spell levels left.
You didn't know any spells.
Your spell library was empty.

Dungeon Overview and Level Annotations

Branches:
Dungeon (5/15)
 Temple: D:4-7

Altars:
Hepliaklqana
Okawaru
Trog
Uskayaw


Message History

You closely miss the white imp.
The white imp is heavily wounded.
The white imp completely misses you. The jelly hits you. The acid corrodes you!
You are splashed with acid!
You are too injured to fight recklessly!
You are too injured to fight recklessly!
You are too injured to fight recklessly!
You are too injured to fight recklessly!
The white imp gestures at you. The puff of frost hits you!
* * * LOW HITPOINT WARNING * * *
The white imp gestures at you. The puff of frost hits you!
* * * LOW HITPOINT WARNING * * *
The white imp gestures at you. The puff of frost hits you.
* * * LOW HITPOINT WARNING * * *
The white imp gestures at you. The puff of frost hits you!
You die...

#.........## ##......##
####........#
#####......##...#
.........5## #...#
..........# #...#
.......J.## .... #######..#
### #.@.# #..## #..### ##..
##....###... .###
##..........#
....###...........# ######
#..........#####..####.....
#.......### #..##....##.
##......## #......#####


You could see a jelly and a white imp.

Vanquished Creatures
  An ogre (D:4)
  3 centaurs (D:5)
  A gnoll sergeant (D:5)
  A scorpion (D:4)
  3 orc priests
  A centaur skeleton (D:4)
  A gnoll shaman (D:4)
  6 orc wizards
  Terence (D:2)
  A worker ant (D:4)
  A hound skeleton (D:4)
  A howler monkey zombie (D:5)
  12 gnolls
  9 adders
  5 worms (D:2)
  An adder skeleton (D:4)
  A dart slug (D:3)
  19 orcs
  5 bats
  6 giant cockroaches
  6 goblins
  12 hobgoblins
  9 kobolds
  3 quokkas (D:2)
  2 ball pythons
  7 frilled lizards
  8 rats
126 creatures vanquished.

Notes
Turn   | Place    | Note
-------+----------+-------------------------------------------
     0 | D:1      | Zeld the Human Gladiator began the quest for the Orb.
     0 | D:1      | Reached XP level 1. HP: 16/16 MP: 1/1
    91 | D:1      | Reached XP level 2. HP: 18/22 MP: 2/2
   615 | D:1      | Reached skill level 4 in Long Blades
   615 | D:1      | Reached XP level 3. HP: 27/27 MP: 3/3
  1343 | D:2      | Reached XP level 4. HP: 28/33 MP: 4/4
  1746 | D:2      | Reached skill level 5 in Long Blades
  1902 | D:3      | Found a bloodstained altar of Trog.
  1990 | D:3      | Noticed Terence
  2573 | D:2      | Killed Terence
  2574 | D:2      | Reached XP level 5. HP: 38/38 MP: 5/5
  3076 | D:3      | Reached skill level 6 in Long Blades
  3512 | D:3      | Reached XP level 6. HP: 43/44 MP: 6/6
  3608 | D:3      | Found a hazy altar of Hepliaklqana.
  3885 | D:3      | Found an iron altar of Okawaru.
  4308 | D:4      | Reached skill level 7 in Long Blades
  4414 | D:4      | Reached XP level 7. HP: 38/50 MP: 7/7
  5180 | D:4      | Reached skill level 8 in Long Blades
  5671 | D:5      | Entered Level 5 of the Dungeon
  5677 | D:5      | Found a hide-covered altar of Uskayaw.
  6857 | D:5      | Reached XP level 8. HP: 48/56 MP: 8/8
  7621 | D:5      | Reached skill level 9 in Long Blades
  8575 | D:5      | Reached skill level 10 in Long Blades
  9122 | D:5      | Killed from afar by a white imp

Illustrated notes

Levels and vault maps discovered:
D:1:      dpeg_arrival_leaves_temple_mockup, layout_loops_ring,
          minmay_small_reverse_x
D:2:      layout_basic
D:3:      layout_rooms, nzn_hepliaklqana_mist_gate, marbit_many_paths,
          bloody_trog, uniq_terence
D:4:      layout_basic, minmay_splitting_lines
D:5:      layout_layer_cave, lemuel_coloured_pillars_altar, old_standard_altar

Skill      XL: |  1  2  3  4  5  6  7  8 |
---------------+-------------------------+-----
Long Blades    | 4 5 6 7 8 10 | 10.1
Fighting       | |  2.0
Throwing       | |  2.0
Dodging        | |  3.0

Action                   |  1- 3 |  4- 6 |  7- 9 || total
-------------------------+-------+-------+-------++-------
Melee: Long sword        |    73 |   193 |   198 ||   464
Throw: Dart              |       |     2 |       ||     2
  Use: Scroll            |       |       |     1 ||     1
Armor: Leather armour    |    13 |    52 |    44 ||   109
Dodge: Dodged            |    69 |   127 |   166 ||   362
       Rpst.: Long sword |    18 |    38 |    47 ||   103
